← All builds
Tech / Armada / Economy first / OBSERVED BUILD

Standard tech

Standard Tech play: rush T2 factory and constructor by ~4:15-4:33, upgrade the first mexes to advanced, and hand off constructors and army to Geo and allies while scaling eco over the game.

Usually first T2 con to Geo (85%)

#eco #t2 #team support · 681 distinct matches · 101 players · 59% of Armada Tech games · team won 53% of 793 · Recently observed

HOW TO PLAY IT

Key timing: T2 lab by 4:15

  1. Take 3 mex, then wind and a Bot Lab to open eco fast.
  2. Push T2 lab out, aim to pass T2 to air player.
  3. Get first T2 constructor building, prioritize mex upgrades over eco.
  4. Finish Advanced Metal Extractor, keep upgrading team's mex.
  5. Add fus and anti-nuke, keep feeding T2 cons and Umbrella/Citadel to team.

Phase by phase

TYPICAL OF ITS 681 GAMES
  1. 1
  2. 2
  3. 3
  4. 4
PLAY THE OPENING

Follow the example game's first 6:00 step by step: what to build now, what comes next, and where it goes. At 1× it keeps pace with your own game.

  1. 1

    Up to the Bot Lab

    Economy
    • Metal Extractor3Mex
    • Wind Turbine4Wind
    Order
    1. Bot LabBot Lab after 3 mex, 4 winddone ~1:18, middle half 1:13–1:32

    Some games also: energy storage (30%)

    By 1:01 in all: 3 mex · 4 wind

    The example game in this phase · 3 steps
    1. Mex ×3
    2. Wind ×4
    3. Bot LabBot Labdone 1:15 · typical 1:18
  2. 2

    Bot Lab to Advanced Bot Lab

    Economy
    • Metal Extractor1Mex
    • Wind Turbine8Wind
    • Energy Storage1Energy storage
    Order
    1. Advanced Bot LabAdvanced Bot Lab after 4 mex, 12 wind, 3 con turretdone ~4:15, middle half 4:04–4:27
    Builders
    • Construction Turret3 Con turret
    • Lazarus3 Lazarus
    • Construction Bot2 Con bot
    • Construction Bot1 Con bot for allies

    Some games also: converter (36%)

    By 3:20 in all: 4 mex · 12 wind · 1 energy storage · 3 con turret

    The example game in this phase · 14 steps
    1. Wind
    2. Construction BotCon bot
    3. LazarusLazarus
    4. Wind ×3
    5. Mex
    6. Construction BotCon bot
    7. Wind ×2
    8. Energy storage
    9. Wind
    10. Construction BotCon botfor Air
    11. Con turret
    12. Wind ×3
    13. Con turret
    14. Advanced Bot LabAdvanced Bot Labdone 4:04 · typical 4:15
  3. 3

    Advanced Bot Lab to 5:00

    Economy
    • Wind Turbine2Wind
    Builders
    • Advanced Construction Bot1 T2 con bot for allies

    Some games also: converter (35%)

    By 5:00 in all: 4 mex · 15 wind · 2 converter · 1 energy storage · 3 con turret

    The example game in this phase · 4 steps
    1. Converter
    2. Advanced Construction BotT2 con botfor Geo
    3. Advanced Metal ExtractorT2 mexdone 5:01 · typical 5:28
    4. GunslingerGunslingerfor Ponddone 4:42
  4. 4

    5:00 to 10:00

    Economy
    • Wind Turbine43Wind
    • Energy Converter5Converter
    Builders
    • Butler8 Butler
    • Advanced Construction Bot4 T2 con bot for allies
    • Advanced Construction Bot1 T2 con bot

    Some games also: con turret (46%) · Butler for allies (38%)

    By 10:00 in all: 4 mex · 58 wind · 7 converter · 1 energy storage · 3 con turret

    The example game in this phase · 137 steps
    1. Advanced Construction BotT2 con botfor Air
    2. Wind ×6
    3. Advanced Metal ExtractorT2 mex ×2
    4. Con turret
    5. Advanced Construction BotT2 con botfor Beach sea
    6. Wind ×11
    7. ButlerButler
    8. Wind
    9. Advanced Metal ExtractorT2 mex
    10. Wind
    11. ButlerButler
    12. Wind ×3
    13. Advanced Construction BotT2 con botfor Geo sea
    14. Wind ×6
    15. ButlerButler
    16. Wind
    17. Solar ×2
    18. ButlerButler
    19. Wind ×3
    20. Advanced Construction BotT2 con botfor Pond
    21. Wind ×8
    22. ButlerButler
    23. Wind ×4
    24. ButlerButler
    25. Wind ×2
    26. Advanced Construction BotT2 con botfor Front
    27. Wind ×10
    28. ButlerButler
    29. Wind ×8
    30. ButlerButler
    31. Wind ×6
    32. Advanced Construction BotT2 con bot
    33. Wind ×5
    34. Converter
    35. Wind ×5
    36. ButlerButler
    37. Wind ×2
    38. Converter
    39. Wind ×4
    40. ButlerButler
    41. Wind
    42. Converter
    43. Wind ×2
    44. Advanced Construction BotT2 con bot
    45. Wind ×5
    46. Converter
    47. Wind ×2
    48. ButlerButler
    49. Con turret
    50. Wind ×3
    51. Converter
    52. Wind ×4
    53. Fusion ReactorFusiondone 11:42
    54. Wind
    55. Converter
    56. Wind ×5
    57. CitadelAnti-nukedone 12:41
    58. Converter
    59. Wind ×2
    60. Con turret
    61. Wind ×2
    62. Converter
    63. Wind ×6
    64. Converter
    65. Wind ×3
    66. Con turret
    67. Wind
    68. Converter
    69. Wind ×5
    70. Converter
    71. Wind ×5
    72. Converter
    73. Wind ×4
    74. Converter
    75. Wind ×2
    76. Fusion ReactorFusion
    77. Wind ×4
    78. Converter
    79. Wind ×4
    80. Converter
    81. Wind ×2
    82. T2 converter
    83. Wind ×2
    84. Converter
    85. Wind ×5
    86. Converter
    87. Wind ×4
    88. Converter
    89. Wind ×5
    90. Converter
    91. Wind ×4
    92. Converter
    93. Wind ×6
    94. Converter
    95. TracerTracer
    96. Wind
    97. T2 converter
    98. Wind ×6
    99. Converter
    100. Wind ×7
    101. Converter
    102. Wind ×7
    103. Converter
    104. Wind ×7
    105. Converter
    106. Wind ×6
    107. T2 converter
    108. Wind
    109. Converter
    110. Wind
    111. T2 converter
    112. Wind ×5
    113. Converter
    114. Wind ×7
    115. Converter
    116. Wind ×7
    117. Converter
    118. Wind ×7
    119. Converter
    120. Wind ×3
    121. Con turret
    122. Wind ×3
    123. Con turret
    124. Wind
    125. Converter
    126. Wind ×2
    127. Con turret
    128. Wind ×3
    129. Con turret
    130. Wind ×3
    131. Converter
    132. Vehicle PlantVehicle Plantdone 14:51
    133. Wind ×3
    134. Vehicle PlantVehicle Plantnot finished by 15:00
    135. Wind
    136. BlitzBlitz
    137. Wind ×6

Counts are medians over the build's games: half of them build more, half fewer. The example game is Harryplotter's (38 OS, 13/08/2026); pick another.

Team trades

IN AT LEAST 30% OF ITS GAMES

You hand over

  • Construction Bot1 Con bot to Airfirst at 2:22 · in 88% of games
  • Advanced Construction Bot5 T2 con bot to Air or Pond or Geo seafirst at 4:46 · in 99% of games
  • Sharpshooter2 Sniper bot to Pondfirst at 5:23 · in 33% of games
  • Butler2 Butler to Geo sea or Beach sea or Pondfirst at 9:03 · in 42% of games

You get

  • Hercules1 Light transport from Airfirst at 3:59 · in 85% of games

How it plays out

Typical game of this build, running totals by minute

Metal produced

020k40k
0:005:0010:0015:00

metal

Enemy metal destroyed

0200400
0:005:0010:0015:00

metal

Own metal lost

0100200300
0:005:0010:0015:00

metal

793 games.

Show as table
ByMetal produced: This buildEnemy metal destroyed: This buildOwn metal lost: This build
1:0038300
2:0091500
3:00163500
4:00314800
5:00486300
6:00580700
7:00722000
8:00906100
9:001124700
10:001355300
11:001634200
12:001985000
13:002364400
14:0027360125130
15:0031473385260
WHAT THE NUMBERS SAY

This is the role's baseline and wins slightly more than half its games with a huge metal lead but almost no kills, showing its value is economic not combat.

  • + Produces 31389 metal by 15:00, far above other roles.
  • + Reaches T2 lab and constructor by 4:15-4:33 almost every game.
  • − Barely destroys any enemy metal (400 by 15:00), no combat presence.
  • − Fusion Reactor and anti-nuke only land in 44% of games.
THE EXAMPLE YOU ARE READING

Harryplotter

37.8 OS · 13/08/2026

Open source match ↗

1 received units
2311 metal received · 32298 energy received

Allied construction assistance is unknown. Timings are observations, not a promise of solo reproducibility.

Typical milestones

Bot Lab1:18Middle 50%: 1:13–1:32 · n=793
Advanced Bot Lab4:15Middle 50%: 4:04–4:27 · n=787
Advanced Metal Extractor5:28Middle 50%: 5:06–5:58 · n=791

Played most by

Amrissa100games of this buildSyphos34games of this buildKOT_33games of this buildTeaner28games of this buildAdeus26games of this build